APL (24 & UNDER)
NANTUCKET ORCAS @ SCOTTSDALE SCORPIONS
07/18/2029
 
TOP OF THE 1ST
Nantucket Orcas batting - Pitching for Scottsdale Scorpions : RHP Robinson Ramírez
Pitching: RHP Robinson Ramírez
Batting: RHB Charlie Pérez 0-0: Fly out, F5 (Line Drive, 56)
Batting: RHB Demetrio Inrouville 0-0: Ground out 5-3 (Groundball, 56)
Batting: LHB Eugene Lee 0-0: Ball
1-0: Called Strike
1-1: Foul Ball, location: 2F
1-2: Ball
2-2: Ball
3-2: Foul Ball, location: 2F
3-2: SINGLE (Line Drive, 34D)
Batting: RHB Fernando Álvarez 0-0: Ball
1-0: Ground out 3-1 (Groundball, 34S)
Top of the 1st over - 0 runs, 1 hit, 0 errors, 1 left on base; Nantucket 0 - Scottsdale 0
BOTTOM OF THE 1ST
Scottsdale Scorpions batting - Pitching for Nantucket Orcas : RHP Bo Wagner
Pitching: RHP Bo Wagner
Batting: LHB Ernesto Hernández 0-0: Ball
1-0: Ball
2-0: Called Strike
2-1: Ball
3-1: Called Strike
3-2: Base on Balls
Batting: RHB Alan Evans 0-0: Called Strike
Ernesto Hernández steals 2nd base
0-1: Ball
1-1: Swinging Strike
1-2: Ball
2-2: Foul Ball, location: 2F
2-2: Ball
3-2: Foul Ball, location: 2F
3-2: Base on Balls
Batting: LHB Pedro Díaz 0-0: Called Strike
Ernesto Hernández steals 3rd base
Alan Evans to second
0-1: Foul Ball, location: 2F
0-2: Fly out, F8 (Flyball, 8LS)
Runner from 3rd tags up, SCORES, no throw
Batting: SHB Arnold Moore 0-0: Ball
1-0: Ball
2-0: Ball
3-0: Base on Balls
Batting: RHB Steve Boyer 0-0: Called Strike
0-1: Foul Ball, location: 2F
0-2: Fly out, F4 (Line Drive, 4M)
Batting: LHB Manny Vigil 0-0: Swinging Strike
0-1: Ball
1-1: Ball
2-1: Called Strike
2-2: Strikes out swinging
Bottom of the 1st over - 1 run, 0 hits, 0 errors, 2 left on base; Nantucket 0 - Scottsdale 1
TOP OF THE 2ND
Nantucket Orcas batting - Pitching for Scottsdale Scorpions : RHP Robinson Ramírez
Batting: RHB Matt Dundee 0-0: Foul Ball, location: 2F
0-1: Swinging Strike
0-2: Strikes out swinging
Batting: LHB Alfonso Vélez 0-0: Fly out, F8 (Flyball, 78D)
Batting: SHB Dan Dunn 0-0: Ball
1-0: Ball
2-0: Ball
3-0: Called Strike
3-1: Called Strike
3-2: Foul Ball, location: 2F
3-2: Strikes out looking
Top of the 2nd over - 0 runs, 0 hits, 0 errors, 0 left on base; Nantucket 0 - Scottsdale 1
BOTTOM OF THE 2ND
Scottsdale Scorpions batting - Pitching for Nantucket Orcas : RHP Bo Wagner
Batting: LHB Tony Ayala 0-0: Ball
1-0: Called Strike
1-1: Called Strike
1-2: Ball
2-2: Ball
3-2: Base on Balls
Batting: RHB Ronald Smith 0-0: Swinging Strike
0-1: Ball
1-1: Foul Ball, location: 2F
1-2: Ball
2-2: Ball
3-2: Foul Ball, location: 2F
3-2: Strikes out swinging
Tony Ayala steals 2nd base
Batter strikes out.
Batting: RHB José Méndez 0-0: Ball
1-0: Called Strike
1-1: Foul Ball, location: 2F
1-2: Ball
2-2: Foul Ball, location: 2F
2-2: Strikes out swinging
Batting: LHB Ernesto Hernández 0-0: Ground out 3-1 (Groundball, 34)
Bottom of the 2nd over - 0 runs, 0 hits, 0 errors, 1 left on base; Nantucket 0 - Scottsdale 1
TOP OF THE 3RD
Nantucket Orcas batting - Pitching for Scottsdale Scorpions : RHP Robinson Ramírez
Batting: RHB Scotty Hicks 0-0: Foul Ball, location: 2F
0-1: Foul Ball, location: 2F
0-2: Ground out 6-3 (Groundball, 6)
Batting: RHB Luis Cruz 0-0: Swinging Strike
0-1: Swinging Strike
0-2: Ground out 6-3 (Groundball, 6S)
Batting: RHB Charlie Pérez 0-0: Called Strike
0-1: Foul Ball, location: 2F
0-2: Strikes out looking
Top of the 3rd over - 0 runs, 0 hits, 0 errors, 0 left on base; Nantucket 0 - Scottsdale 1
BOTTOM OF THE 3RD
Scottsdale Scorpions batting - Pitching for Nantucket Orcas : RHP Bo Wagner
Batting: RHB Alan Evans 0-0: Ball
1-0: Called Strike
1-1: Ball
2-1: Ball
3-1: Base on Balls
Batting: LHB Pedro Díaz 0-0: Ball
1-0: Ball
Throwing error on steal attempt, E2
Alan Evans to third
2-0: DOUBLE (Groundball, 3L)
Alan Evans scores
Batting: SHB Arnold Moore 0-0: Foul Ball, location: 2F
0-1: Foul Ball, location: 2F
0-2: Ball
1-2: Ground out 6-3 (Groundball, 6)
Batting: RHB Steve Boyer 0-0: Ball
1-0: Ball
2-0: Called Strike
2-1: Ball
3-1: Called Strike
3-2: Base on Balls
Pitching: RHP Armando Chávez
Batting: LHB Manny Vigil 0-0: Called Strike
0-1: Ball
1-1: Foul Ball, location: 2F
1-2: Ball
2-2: Ball
3-2: Base on Balls
Pedro Díaz to third
Steve Boyer to second
Batting: LHB Tony Ayala 0-0: Ball
1-0: Ball
2-0: Ball
3-0: Foul Ball, location: 2F
3-1: Base on Balls
Pedro Díaz scores
Steve Boyer to third
Manny Vigil to second
Batting: RHB Ronald Smith 0-0: Called Strike
0-1: Foul Ball, location: 2F
0-2: Ball
1-2: Ball
2-2: Ball
3-2: Fly out, F9 (Line Drive, 89S)
Runner from 3rd tags up, SCORES, no throw
Batting: RHB José Méndez 0-0: Ball
1-0: Foul Ball, location: 2F
1-1: Fielders Choice at 2nd, U4 (Groundball, 4M)
Bottom of the 3rd over - 3 runs, 1 hit, 1 error, 2 left on base; Nantucket 0 - Scottsdale 4
TOP OF THE 4TH
Nantucket Orcas batting - Pitching for Scottsdale Scorpions : RHP Robinson Ramírez
Batting: RHB Demetrio Inrouville 0-0: Fly out, F8 (Flyball, 8LD)
Batting: LHB Eugene Lee 0-0: Ball
1-0: Ground out U3 (Groundball, 3L)
Batting: RHB Fernando Álvarez 0-0: Ball
1-0: Ball
2-0: Ground out 3-1 (Groundball, 34)
Top of the 4th over - 0 runs, 0 hits, 0 errors, 0 left on base; Nantucket 0 - Scottsdale 4
BOTTOM OF THE 4TH
Scottsdale Scorpions batting - Pitching for Nantucket Orcas : RHP Armando Chávez
Batting: LHB Ernesto Hernández 0-0: Called Strike
0-1: Swinging Strike
0-2: Foul Ball, location: 2F
0-2: Ball
1-2: Ground out 5-3 (Groundball, 56S)
Batting: RHB Alan Evans 0-0: Ball
1-0: Called Strike
1-1: Ground out 4-3 (Groundball, 4)
Batting: LHB Pedro Díaz 0-0: Foul Ball, location: 2F
0-1: Ball
1-1: Swinging Strike
1-2: Fly out, F6 (Popup, 6)
Bottom of the 4th over - 0 runs, 0 hits, 0 errors, 0 left on base; Nantucket 0 - Scottsdale 4
TOP OF THE 5TH
Nantucket Orcas batting - Pitching for Scottsdale Scorpions : RHP Robinson Ramírez
Batting: RHB Matt Dundee 0-0: Called Strike
0-1: Ball
1-1: Foul Ball, location: 2F
1-2: Strikes out looking
Batting: LHB Alfonso Vélez 0-0: Called Strike
0-1: Ball
1-1: Fly out, F6 (Line Drive, 6MD)
Batting: SHB Dan Dunn 0-0: Called Strike
0-1: Ball
1-1: SINGLE (Groundball, 6MD)
Batting: RHB Scotty Hicks 0-0: Called Strike
0-1: Ball
1-1: SINGLE (Flyball, 9S)
Dan Dunn to second
Runner from 2nd tries for 3rd, SAFE, no throw
Batting: RHB Luis Cruz 0-0: Ball
1-0: Ground out 5-3 (Groundball, 56S)
Top of the 5th over - 0 runs, 2 hits, 0 errors, 2 left on base; Nantucket 0 - Scottsdale 4
BOTTOM OF THE 5TH
Scottsdale Scorpions batting - Pitching for Nantucket Orcas : RHP Armando Chávez
Batting: SHB Arnold Moore 0-0: Called Strike
0-1: Ball
1-1: Ball
2-1: Ball
3-1: Foul Ball, location: 2F
3-2: Strikes out swinging
Batting: RHB Steve Boyer 0-0: Ball
1-0: Foul Ball, location: 2F
1-1: Ball
2-1: Ball
3-1: SINGLE (Groundball, 34D)
Batting: LHB Manny Vigil 0-0: Ball
1-0: Ball
2-0: Ball
3-0: Base on Balls
Steve Boyer to second
Batting: LHB Tony Ayala 0-0: Ball
1-0: Called Strike
1-1: Ball
2-1: Fly out, F8 (Flyball, 8LXD)
Runner from 2nd tags up, SAFE at 3rd, no throw
Batting: RHB Ronald Smith 0-0: Ball
1-0: Foul Ball, location: 2F
1-1: Swinging Strike
1-2: Ball
2-2: Strikes out swinging
Bottom of the 5th over - 0 runs, 1 hit, 0 errors, 2 left on base; Nantucket 0 - Scottsdale 4
TOP OF THE 6TH
Nantucket Orcas batting - Pitching for Scottsdale Scorpions : RHP Robinson Ramírez
Batting: RHB Charlie Pérez 0-0: Fly out, F8 (Flyball, 8RS)
Batting: RHB Demetrio Inrouville 0-0: Foul Ball, location: 2F
0-1: Swinging Strike
0-2: Ball
1-2: Ball
2-2: Strikes out swinging
Batting: LHB Eugene Lee 0-0: Foul Ball, location: 2F
0-1: Ball
1-1: Foul Ball, location: 2F
1-2: Strikes out swinging
Top of the 6th over - 0 runs, 0 hits, 0 errors, 0 left on base; Nantucket 0 - Scottsdale 4
BOTTOM OF THE 6TH
Scottsdale Scorpions batting - Pitching for Nantucket Orcas : RHP Armando Chávez
Batting: RHB José Méndez 0-0: Ball
1-0: Ground out 5-3 (Groundball, 56)
Batting: LHB Ernesto Hernández 0-0: Called Strike
0-1: Ball
1-1: Ball
2-1: Ball
3-1: Ground out U3 (Groundball, 3)
Batting: RHB Alan Evans 0-0: Called Strike
0-1: Swinging Strike
0-2: Strikes out swinging
Bottom of the 6th over - 0 runs, 0 hits, 0 errors, 0 left on base; Nantucket 0 - Scottsdale 4
TOP OF THE 7TH
Nantucket Orcas batting - Pitching for Scottsdale Scorpions : RHP Robinson Ramírez
Batting: RHB Fernando Álvarez 0-0: Swinging Strike
0-1: Ball
1-1: Foul Ball, location: 2F
1-2: Ball
2-2: Strikes out looking
Batting: RHB Matt Dundee 0-0: Called Strike
0-1: Ground out U3 (Groundball, 34)
Batting: LHB Alfonso Vélez 0-0: Ball
1-0: Ball
2-0: Called Strike
2-1: Foul Ball, location: 2F
2-2: SINGLE (Groundball, 6) (infield hit)
Batting: SHB Dan Dunn 0-0: Called Strike
0-1: Foul Ball, location: 2F
0-2: Ball
1-2: Strikes out looking
Top of the 7th over - 0 runs, 1 hit, 0 errors, 1 left on base; Nantucket 0 - Scottsdale 4
BOTTOM OF THE 7TH
Scottsdale Scorpions batting - Pitching for Nantucket Orcas : RHP Armando Chávez
Pitching: RHP Jason Willis
Batting: LHB Pedro Díaz 0-0: Called Strike
0-1: Ball
1-1: Foul Ball, location: 2F
1-2: Ball
2-2: Ground out U3 (Groundball, 34)
Batting: SHB Arnold Moore 0-0: Called Strike
0-1: Ball
1-1: DOUBLE (Line Drive, 8LXD)
Batting: RHB Steve Boyer 0-0: Ball
1-0: Foul Ball, location: 2F
1-1: Ball
2-1: Called Strike
2-2: Fly out, F8 (Flyball, 8RXD)
Runner from 2nd tags up, SAFE at 3rd, no throw
Batting: LHB Manny Vigil 0-0: Ball
1-0: Ground out U3 (Groundball, 3)
Bottom of the 7th over - 0 runs, 1 hit, 0 errors, 1 left on base; Nantucket 0 - Scottsdale 4
TOP OF THE 8TH
Nantucket Orcas batting - Pitching for Scottsdale Scorpions : RHP Robinson Ramírez
Pitching: RHP Jorge Chávez
Batting: RHB Scotty Hicks 0-0: Called Strike
0-1: Ball
1-1: Ball
2-1: Ball
3-1: Swinging Strike
3-2: SINGLE (Line Drive, 9)
Batting: RHB Luis Cruz 0-0: Called Strike
0-1: Swinging Strike
0-2: Strikes out looking
Batting: RHB Charlie Pérez 0-0: Ball
1-0: Ball
2-0: Called Strike
2-1: Ball
3-1: Base on Balls
Scotty Hicks to second
Batting: RHB Demetrio Inrouville 0-0: Ball
1-0: Ball
2-0: SINGLE (Groundball, 34D)
Scotty Hicks to third
Charlie Pérez to second
Runner from 3rd tries for Home, SAFE, throw made home
Now in RF: Robinson Fernández
Batting: LHB Eugene Lee 0-0: Swinging Strike
0-1: Ball
1-1: Ball
2-1: Ball
3-1: Base on Balls
Charlie Pérez to third
Demetrio Inrouville to second
Pinch Hitting: LHB Dennis King 0-0: Ball
1-0: Foul Ball, location: 2F
1-1: Grounds into fielders choice 5-2 (Groundball, 5L)
Demetrio Inrouville to third
Eugene Lee to second
Batting: RHB Matt Dundee 0-0: Foul Ball, location: 2F
0-1: Foul Ball, location: 2F
0-2: Ball
1-2: Strikes out swinging
Top of the 8th over - 1 run, 2 hits, 0 errors, 3 left on base; Nantucket 1 - Scottsdale 4
BOTTOM OF THE 8TH
Scottsdale Scorpions batting - Pitching for Nantucket Orcas : RHP Jason Willis
Now at SS: Armando Hernández
Batting: RHB Robinson Fernández 0-0: Called Strike
0-1: Swinging Strike
0-2: Ball
1-2: SINGLE (Line Drive, 89S)
Batting: RHB Ronald Smith 0-0: Called Strike
0-1: DOUBLE (Line Drive, 7LM)
Robinson Fernández to third
Batting: RHB José Méndez 0-0: Ball
1-0: Ground out 5-3 (Groundball, 5L)
Batting: LHB Ernesto Hernández 0-0: Intentional Walk
Pinch Hitting: LHB Clayton Bailey 0-0: Grounds into double play, 1-2-3 (Groundball, 13S)
Bottom of the 8th over - 0 runs, 2 hits, 0 errors, 2 left on base; Nantucket 1 - Scottsdale 4
TOP OF THE 9TH
Nantucket Orcas batting - Pitching for Scottsdale Scorpions : RHP Jorge Chávez
Pitching: RHP José Estrada
Now in LF: Bartolo Baruffaldi
Batting: LHB Alfonso Vélez 0-0: Ball
1-0: Swinging Strike
1-1: Ball
2-1: Foul Ball, location: 2F
2-2: Foul Ball, location: 2F
2-2: Ball
3-2: Foul Ball, location: 2F
3-2: Base on Balls
Batting: SHB Dan Dunn 0-0: Called Strike
0-1: SINGLE (Flyball, 9S)
Alfonso Vélez to second
Pinch Hitting: LHB Howard White 0-0: Ball
1-0: Ball
2-0: Ball
3-0: Base on Balls
Alfonso Vélez to third
Dan Dunn to second
Pinch Hitting: RHB Juan Gómez 0-0: Swinging Strike
0-1: Called Strike
0-2: Ball
1-2: Strikes out swinging
Batting: RHB Charlie Pérez 0-0: Ball
1-0: Foul Ball, location: 2F
1-1: Foul Ball, location: 2F
1-2: Ball
2-2: Strikes out swinging
Batting: RHB Demetrio Inrouville 0-0: Ball
1-0: Ball
2-0: Called Strike
2-1: Called Strike
2-2: Ball
3-2: Base on Balls
Alfonso Vélez scores
Dan Dunn to third
Howard White to second
Batting: LHB Eugene Lee 0-0: Ball
1-0: Ball
2-0: DOUBLE (Line Drive, 9D)
Dan Dunn scores
Howard White scores
Demetrio Inrouville to third
Runner from 3rd tries for Home, SAFE, no throw
Pitching: RHP José Amaya
Pinch Hitting: RHB Ramiro Javier 0-0: Intentional Walk
Batting: RHB Matt Dundee 0-0: Called Strike
0-1: Ground out 4-3 (Groundball, 4M)
Top of the 9th over - 4 runs, 2 hits, 0 errors, 2 left on base; Nantucket 5 - Scottsdale 4
BOTTOM OF THE 9TH
Scottsdale Scorpions batting - Pitching for Nantucket Orcas : RHP Jason Willis
Now at 1B: Juan Gómez
Now at SS: Ramiro Javier
Now in RF: Howard White
Batting: LHB Pedro Díaz 0-0: Ball
1-0: Called Strike
1-1: Ball
2-1: Foul Ball, location: 2F
2-2: Foul Ball, location: 2F
2-2: Foul Ball, location: 2F
2-2: Foul Ball, location: 2F
2-2: Ground out 5-3 (Groundball, 56S)
Batting: SHB Arnold Moore 0-0: Foul Ball, location: 2F
0-1: Fly out, F9 (Flyball, 9D)
Batting: RHB Steve Boyer 0-0: Ball
1-0: Ball
2-0: Ground out 5-3 (Groundball, 5)
Bottom of the 9th over - 0 runs, 0 hits, 0 errors, 0 left on base; Nantucket 5 - Scottsdale 4
Saturday, December 16th, 2017 - OOTP Baseball 18.8 Build 76